Map: Dusk Towers

Players

BorA - Winner!

  • Race: Terran Terran
  • League: Diamond

ILLBdA

  • Race: Protoss Protoss
  • League: Diamond

VOD

Have the link to the VOD?

Description

Time

  • Played on: Dec. 24, 2015, 8:49 a.m.
  • Length: 16:37
Show
View Real Time Build Order
Export as new Build Order

BorA Terran - Winner!

Build Orders: MMM Bio 

Get SALT Encoding   

  12  0:00  SCV  
  13  0:13  SCV  
  14  0:19  Supply Depot  
  14  0:25  SCV  
  15  0:41  SCV  
  16  0:43  Barracks  
  16  0:45  Refinery  
  16  0:53  SCV  
  17  1:05  SCV  
  18  1:17  SCV  
  19  1:32  Orbital Command  
  19  1:33  Barracks Reactor  
  19  1:50  Command Center  
  19  1:58  SCV  
  20  2:03  Supply Depot  
  20  2:11  SCV, Marine x2  
  23  2:24  Factory  
  23  2:25  SCV  
  23  2:28  Marine  
  23  2:29  Marine  
  26  2:39  SCV  
  26  2:44  Refinery  
  26  2:46  Marine x2  
  29  2:51  SCV  
  29  3:03  SCV  
  29  3:04  Marine x2, Orbital Command  
  32  3:09  Starport  
  32  3:10  Widow Mine  
  34  3:21  SCV  
  34  3:22  Marine x2  
  37  3:30  SCV  
  37  3:33  SCV  
  39  3:40  Factory Tech Lab  
  39  3:46  Viking  
  39  3:48  SCV x2  
  45  3:54  Supply Depot  
  43  3:59  Cyclone  
  46  4:09  SCV  
  46  4:14  Supply Depot  
  46  4:15  SCV  
  46  4:16  Supply Depot  
  47  4:17  Starport Reactor  
  47  4:21  Marine x2  
  49  4:26  Command Center  
  49  4:27  SCV  
  50  4:31  Siege Tank  
  53  4:40  SCV x2  
  53  4:43  Refinery  
  55  4:46  Marine  
  55  4:47  Marine  
  55  4:52  SCV  
  58  5:01  Medivac  
  58  5:03  Barracks x2  
  60  5:12  Widow Mine x2  
  60  5:13  Barracks, Marine  
  65  5:16  Barracks  
  65  5:28  SCV x2, Stimpack  
  66  5:31  Refinery  
  67  5:40  SCV  
  68  5:44  Widow Mine x2  
  72  5:51  Marine x2  
  72  5:52  Marauder, Orbital Command, Starport Reactor  
  72  5:53  Barracks Tech Lab  
  72  5:54  SCV  
  72  5:55  SCV  
  78  6:00  Supply Depot  
  78  6:09  Barracks Tech Lab  
  78  6:11  Marine x2  
  78  6:13  Combat Shields  
  78  6:16  Engineering Bay  
  78  6:17  Engineering Bay  
  80  6:25  Factory Reactor  
  80  6:26  Marine x2  
  80  6:27  Marauder  
  80  6:28  Concussive Shells  
  80  6:29  Marine x2  
  80  6:30  SCV  
  87  6:34  SCV x2  
  89  6:43  Terran Infantry Weapons Level 1, Terran Infantry Armor Level 1  
  89  6:45  SCV  
  89  6:46  SCV  
  93  6:51  Orbital Command  
  93  6:52  Medivac  
  93  6:56  Supply Depot x2, Medivac  
  87  7:15  SCV x2  
  87  7:18  Marine x4  
  87  7:19  Marauder x2  
  87  7:20  SCV  
  87  7:21  Widow Mine x2  
  87  7:22  Marauder  
  104  7:26  Supply Depot  
  104  7:27  Supply Depot, SCV  
  104  7:28  SCV  
  106  7:32  SCV, Medivac  
  106  7:33  Medivac  
  111  7:37  Marine  
  111  7:40  SCV x2, Marauder  
  116  7:45  SCV  
  116  7:48  Armory, Marauder  
  108  8:05  Marine x2  
  108  8:06  Marauder, Widow Mine x2, Marine x2  
  108  8:07  Marauder  
  108  8:10  Marauder  
  122  8:14  SCV  
  122  8:15  SCV  
  122  8:16  Refinery  
  122  8:19  Refinery  
  124  8:22  Command Center  
  124  8:23  Marine x3  
  127  8:28  Marauder  
  127  8:30  SCV x2, Starport  
  129  8:46  SCV x2, Marine  
  129  8:47  Marine  
  133  8:49  Terran Infantry Weapons Level 2  
  133  8:51  Marine  
  133  8:52  Marauder, Terran Infantry Armor Level 2  
  133  8:53  Supply Depot, SCV  
  137  8:58  SCV  
  138  9:10  Marine x3  
  138  9:11  Starport Reactor  
  138  9:15  Marauder x2  
  138  9:16  Supply Depot, Liberator x2  
  145  9:29  SCV x3  
  145  9:30  Marine  
  149  9:31  Refinery  
  149  9:33  Refinery, Marine x2  
  149  9:34  Marauder  
  149  9:36  Marauder  
  161  9:40  Supply Depot  
  161  9:42  Supply Depot x2  
  161  10:13  Liberator x2  
  160  10:14  Liberator x2  
  154  10:22  Marine x5  
  154  10:23  Marauder x2, Widow Mine x2  
  122  10:39  SCV x2, Marine, Orbital Command  
  122  10:40  Barracks, Marine x2  
  122  10:41  Marauder  
  122  10:42  SCV, Barracks x2  
  130  10:44  Marauder x2  
  134  10:50  Marine  
  134  10:51  SCV  
  136  10:57  Marine, Liberator x2  
  136  10:59  Terran Ship Weapons Level 1  
  136  11:02  Marauder  
  139  11:09  Marine x3, Liberator x2  
  139  11:10  Marauder  
  144  11:11  SCV  
  144  11:12  SCV x3  
  157  11:18  Marine x2  
  157  11:23  Marine  
  160  11:27  Marine  
  160  11:29  SCV  
  160  11:31  Marauder  
  167  11:32  Ghost Academy  
  167  11:34  Barracks Tech Lab x2  
  167  11:35  SCV x2  
  167  11:37  Marauder  
  171  11:41  Marauder  
  171  11:42  Terran Infantry Weapons Level 3  
  171  11:45  Terran Infantry Armor Level 3  
  173  11:52  Command Center  
  173  11:57  Medivac x2  
  177  12:04  Marine x2  
  177  12:05  Marauder, Marine x2  
  177  12:06  Marauder x2  
  193  12:16  Liberator x2  
  193  12:20  Refinery  
  190  12:25  Refinery  
  196  12:40  Ghost  
  196  12:41  Ghost x4  
  200  12:52  Command Center x2  
  200  13:01  Personal Cloaking  
  200  13:10  Orbital Command  
  194  13:34  Ghost x3  
  200  14:01  Ghost x2  
  200  14:02  Ghost  
  198  14:08  Liberator x3  
  176  14:22  Marine  
  176  14:23  Marauder, Marine x3  
  176  14:24  Marauder  
  178  14:25  Medivac  
  178  14:30  Marauder  
  178  14:31  Marauder  
  180  14:32  Marauder  
  180  14:37  Marine x2  
  142  14:40  Marine x2  
  142  14:41  Marine  
  142  14:44  Orbital Command  
  142  14:45  Marauder x2, Orbital Command  
  126  14:46  Marine  
  126  14:52  Marauder x2  
  119  14:53  Marauder  
  119  14:55  Medivac, Missile Turret, Marine x2  
  124  15:01  Missile Turret  
  124  15:03  Marine x3  
  124  15:04  Marine  
  124  15:06  Marauder x2  
  131  15:08  Medivac  
  131  15:13  Marauder x2, Marine x2  
  136  15:14  Marauder  
  136  15:20  Marine, Orbital Command  
  134  15:25  Marine  
  134  15:26  Marine x2  
  134  15:27  Liberator, Medivac x2  
  134  15:28  Marauder, Liberator  
  140  15:31  Marine  
  140  15:35  Marauder x2  
  142  15:36  Marauder  
  142  15:41  Marine x2  
  148  15:43  Marine x2  
  154  15:51  SCV x3  
  154  15:54  SCV x2  
  163  16:03  Ghost  
  163  16:04  Ghost x2  
Show
View Real Time Build Order
Export as new Build Order

ILLBdA Protoss 

Build Orders: 1 Gate Expand 

Get SALT Encoding   

  12  0:01  Probe (Chrono Boost)  
  13  0:11  Probe (Chrono Boost)  
  14  0:17  Pylon  
  14  0:22  Probe (Chrono Boost)  
  16  0:35  Probe (Chrono Boost)  
  16  0:38  Gateway  
  16  0:42  Assimilator  
  16  0:46  Probe (Chrono Boost)  
  18  0:57  Probe (Chrono Boost)  
  18  1:07  Probe (Chrono Boost)  
  19  1:18  Nexus  
  19  1:27  Probe (Chrono Boost)  
  20  1:33  Cybernetics Core  
  20  1:37  Probe (Chrono Boost)  
  21  1:43  Assimilator  
  21  1:48  Probe (Chrono Boost)  
  21  1:52  Pylon  
  22  1:59  Probe (Chrono Boost)  
  23  2:10  Adept (Chrono Boost)  
  23  2:11  Warp Gate  
  25  2:16  Mothership Core (Chrono Boost)  
  27  2:30  Probe (Chrono Boost)  
  30  2:37  Probe (Chrono Boost)  
  30  2:41  Probe (Chrono Boost)  
  30  2:42  Stalker  
  32  2:48  Probe (Chrono Boost)  
  32  2:50  Robotics Facility  
  33  2:51  Probe (Chrono Boost)  
  35  2:58  Probe (Chrono Boost)  
  35  3:02  Probe (Chrono Boost)  
  36  3:11  Probe (Chrono Boost)  
  37  3:13  Pylon  
  37  3:14  Sentry  
  37  3:30  Twilight Council  
  37  3:33  Probe (Chrono Boost)  
  38  3:36  Gateway  
  38  3:37  Gateway, Observer (Chrono Boost)  
  39  3:44  Probe  
  40  3:49  Gateway, Probe  
  40  3:52  Assimilator  
  40  3:53  Stalker  
  43  3:57  Assimilator  
  43  4:02  Probe  
  45  4:16  Immortal (Chrono Boost)  
  48  4:29  Blink (Chrono Boost)  
  48  4:31  Stalker x2  
  50  4:37  Pylon  
  52  4:46  Forge  
  52  4:51  Probe  
  52  4:52  Pylon  
  53  4:56  Stalker x2  
  57  5:03  Pylon  
  57  5:08  Probe  
  57  5:12  Pylon  
  58  5:14  Sentry  
  58  5:17  Stalker  
  62  5:22  Photon Cannon  
  62  5:25  Protoss Ground Armor Level 1 (Chrono Boost)  
  62  5:32  Photon Cannon  
  62  5:39  Stalker  
  64  5:43  Stalker  
  64  5:49  Stalker  
  68  5:55  Stalker  
  70  5:59  Observer  
  70  6:02  Probe  
  70  6:04  Probe  
  73  6:06  Stalker  
  73  6:08  Stalker  
  77  6:25  Probe  
  77  6:26  Stalker x2  
  77  6:31  Pylon  
  82  6:35  Gateway  
  82  6:36  Gateway  
  82  6:50  Warp Prism  
  82  6:54  Stalker x2  
  88  7:01  Probe  
  88  7:05  Pylon  
  89  7:19  Probe x2  
  91  7:28  Warp Prism  
  93  7:33  Stalker x3  
  93  7:34  Stalker  
  101  7:44  Pylon  
  97  7:59  Stalker x2  
  101  8:14  Pylon  
  101  8:15  Stalker x2  
  101  8:16  Stalker x2  
  108  8:38  Nexus  
  108  8:39  Pylon  
  108  8:45  Stalker x3  
  108  8:47  Sentry x3  
  116  8:57  Probe  
  117  9:02  Templar Archives  
  117  9:10  Probe x2  
  117  9:13  Protoss Ground Armor Level 2 (Chrono Boost)  
  119  9:19  Pylon  
  119  9:27  Robotics Bay  
  119  9:28  Observer  
  119  9:30  Probe  
  121  9:37  Psionic Storm  
  121  9:40  High Templar  
  121  9:41  High Templar x2  
  121  9:45  High Templar  
  129  9:47  Probe  
  129  9:49  Probe  
  129  9:52  Stalker  
  133  10:06  Stalker  
  133  10:09  Probe  
  133  10:13  Archon  
  131  10:14  Archon  
  131  10:19  Stalker x3  
  132  10:23  Stalker  
  132  10:24  Stalker  
  106  10:30  Zealot  
  100  10:37  Disruptor  
  102  10:43  Probe  
  102  10:44  Probe x2  
  102  10:48  Pylon  
  102  10:49  High Templar  
  107  10:51  Stalker x2  
  107  10:53  Probe  
  112  11:03  Assimilator  
  112  11:07  Assimilator  
  112  11:12  Disruptor (Chrono Boost), Pylon  
  112  11:15  Stalker  
  117  11:33  Probe  
  117  11:37  Stalker x3  
  124  11:46  Disruptor (Chrono Boost)  
  127  11:47  Pylon  
  127  11:54  Stalker x3  
  127  11:56  Protoss Ground Armor Level 3  
  133  12:06  Stalker  
  133  12:07  Stalker  
  137  12:12  Probe  
  137  12:15  Probe  
  139  12:17  Dark Shrine  
  139  12:19  Stalker  
  139  12:20  Stalker  
  143  12:24  Stalker  
  143  12:28  Disruptor, Photon Cannon  
  145  12:31  Photon Cannon  
  148  12:42  Probe  
  149  12:45  Stalker x3  
  155  12:59  Warp Prism  
  155  13:00  Stalker x2  
  161  13:15  Stalker x2  
  161  13:16  Stalker x2  
  169  13:30  Pylon  
  169  13:32  Pylon  
  168  13:34  Pylon  
  168  13:35  Dark Templar x2  
  172  13:50  Dark Templar  
  172  13:51  Dark Templar x2  
  168  14:21  Stalker x4  
  118  14:51  Dark Templar  
  118  14:52  Dark Templar x4  
  126  14:59  Adept  
  126  15:03  Archon  
  116  15:22  Stalker x2  
  116  15:24  Stalker  
  67  15:42  Dark Templar  
  67  15:43  Dark Templar x2  
  67  15:44  Zealot x2  
  77  15:59  Zealot  
  77  16:01  Nexus  
  77  16:04  Pylon  
  79  16:07  Pylon  
  79  16:09  Gateway x2, Dark Templar  
  79  16:10  Zealot  
  79  16:11  Gateway  
  83  16:22  Zealot x2, High Templar  
  83  16:23  Zealot  
  83  16:25  Gateway  
  91  16:26  Gateway  
  91  16:29  Gateway  
  91  16:31  Gateway  
  91  16:32  Gateway  
Tags
 
Composition
MMM Bio
Matchup
PvT
Replay Pack
me
Add a new tag
Caveats
  • Supply blocks, unpowered buildings, or Contaminate may cause inaccurate times.
  • Supply counts are checked every 10 seconds.